 Dungeon Crawl Stone Soup version 0.32-a0-666-ge8a88695a4 (webtiles) character file.

Game seed: 2011653063739469684

58 sokol815 the Trooper (level 4, -1/49 HPs)
             Began as an Octopode Fighter on Mar 10, 2024.
             Slain by an orc wizard
             ... wielding a +0 dagger
              (4 damage)
             ... on level 2 of the Dungeon.
             The game lasted 00:03:16 (1098 turns).

sokol815 the Trooper (Octopode Fighter)             Turns: 1098, Time: 00:03:17

Health: -1/49      AC:  1    Str: 15    XL:     4   Next: 1%
Magic:  5/5        EV: 13    Int: 12    God:
Gold:   103        SH:  4    Dex: 11    Spells: 3/4 levels left

rFire   . . .        a - +0 trident
rCold   . . .        b - +0 buckler
rNeg    . . .        (helmet restricted)
rPois   .            (no amulet)
rElec   .            X - ring of resist corrosion
rCorr   +            (no ring)
SInv    .            (no ring)
Will    .....        (no ring) Stlth
                     (no ring)
HPRegen 0.28/turn    (no ring)
MPRegen 0.09/turn    (no ring)
                     (no ring)

%: no passive effects
@: mighty, berserking, very quick
A: almost no armour, amphibious, 8 rings, camouflage 1, gelatinous body 1,
(nimble swimmer 1), tentacles
a: Convert to Beogh


You were on level 2 of the Dungeon.
You visited 1 branch of the dungeon, and saw 2 of its levels.

You collected 103 gold pieces.

Inventory:

Hand Weapons
 a - a +0 trident (weapon)
Missiles
 h - 6 boomerangs
 s - 19 stones
Armour
 b - a +0 buckler (worn)
Jewellery
 X - a ring of resist corrosion (left tentacle)
   (You found it on level 2 of the Dungeon)
Talismans
 d - a flux talisman
   (You found it on level 1 of the Dungeon)
Scrolls
 c - a scroll of fear {unknown}
 j - a scroll of identify {unknown}
 k - a scroll of amnesia {unknown}
 l - a scroll of poison {unknown}
Potions
 e - a potion of enlightenment {unknown}
 f - a potion of mutation {unknown}
 g - a potion of brilliance {unknown}
 M - a potion of might
 T - a potion of berserk rage {!q}


   Skills:
 + Level 3.7 Fighting
 + Level 3.0 Polearms
 - Level 3.0 Dodging
 - Level 3.0 Shields
 + Level 0.7 Spellcasting
 + Level 0.7 Earth Magic


You had 3 spell levels left.
You knew the following spells:

 Your Spells              Type           Power      Damage    Failure   Level
a - Sandblast             Erth           4%         2d4       30%         1

Your spell library contained the following spells:

 Spells                   Type           Power      Damage    Failure   Level
 Passwall                 Erth           2%         N/A       65%         3
 Stone Arrow              Conj/Erth      2%         3d7       71%         3
 Brom's Barrelling Bould  Conj/Erth      1%         2d3       98%         4
 Fireball                 Conj/Fire      0%         3d3       100%        5
 Iskenderun's Battlesphe  Conj           0%         2d6       100%        5
 Conjure Ball Lightning   Conj/Air       0%         3x3d6     100%        6
 Orb of Destruction       Conj           0%         9d5       100%        7


Dungeon Overview and Level Annotations

Branches:
Dungeon (2/15) Zot: 10889

Altars:


Innate Abilities, Weirdness & Mutations

You cannot wear most types of armour.
You are amphibious.
You can wear up to eight rings at the same time.
Your skin changes colour to match your surroundings (Stealth+).
Your rubbery body absorbs attacks. (AC +1, EV +1)
((You are camouflaged when in or above water. (Stealth+)))
You have tentacles for arms and can constrict up to eight enemies at once.


Message History

X - a ring of resist corrosion
X - a ring of resist corrosion (left tentacle)
You see here an adder corpse.
An adder is nearby!
The adder hisses angrily.
You reach to attack!
You hit the adder. You miss the adder. You grab the adder.
You constrict the adder. The adder closely misses you. x2
You puncture the adder!
You kill the adder!
Your Polearms skill increases to level 3!
No target in view!
k - a scroll labelled HOAVIRR ZAIM
Okay, then.
A giant cockroach comes into view.
You hit the giant cockroach but do no damage.
Your grab misses the giant cockroach. You squeeze the giant cockroach.
The giant cockroach closely misses you. x2
You barely miss the giant cockroach. Your grab misses the giant cockroach.
The giant cockroach bites you.
You take 1 damage, and have 26/27 hp.
You hit the giant cockroach but do no damage.
Your grab misses the giant cockroach. The giant cockroach closely misses you.
You hit the giant cockroach.
You kill the giant cockroach!
No target in view!
A ribbon worm comes into view.
Found a stone staircase leading up.
Health restored: 27 You barely miss the ribbon worm.
You grab the ribbon worm. You constrict the ribbon worm.
You block the ribbon worm's attack.
You hit the ribbon worm. You squeeze the ribbon worm!
You constrict the ribbon worm.
The ribbon worm expels a string of sticky webbing.
The stream of webbing hits you but does no damage.
You are caught in a web!
You are caught in a web!
You are caught in a web!
The web tears apart.
You constrict the ribbon worm.
You kill the ribbon worm!
You have reached level 4!
Health restored: 33 You now have 79 gold pieces (gained 11).
Found a stone staircase leading up.
MP restored: 5 You now have 93 gold pieces (gained 14).
There is a stone staircase leading up here.
You see here a +0 leather armour.
l - a scroll labelled FIRAFIY SEURE
Okay, then.
There is a stone staircase leading down here.
Found a stone staircase leading down.
You now have 103 gold pieces (gained 10).
An orc priest comes into view. It is wielding a +0 club.
The orc priest shouts!
You hear a shout!
An orc wizard comes into view. It is wielding a +1 dagger of pain.
The orc priest mumbles some strange prayers to Beogh against you.
Beogh smites you!
An orc comes into view. It is wielding a +0 whip.
An orc wizard comes into view. It is wielding a +0 dagger.
The orc wizard shouts!
The orc shouts!
The orc priest shouts, "The Pantheon deserves no one's loyalty.
Let us show you the true path!" (press Y on the ability menu to convert to Beogh)
You take 12 damage, and have 21/33 hp.
MASSIVE DAMAGE!!
You hear a shout!
The orc priest calls down the wrath of Beogh upon you.
Beogh smites you!
You take 9 damage, and have 12/33 hp.
MASSIVE DAMAGE!!
The orc wizard casts a spell at you.
You are confused.
You bump into the rock wall.
The orc wizard gestures wildly while chanting.
The orc wizard flickers and vanishes!
Deactivating autopickup; reactivate with Ctrl-A.
You bump into the rock wall.
You feel very mighty all of a sudden.
The orc priest invokes the aid of Beogh against you.
Beogh smites you!
* * * LOW HITPOINT WARNING * * *
You take 13 damage, and have 1/33 hp.
MASSIVE DAMAGE!!
It was a potion of berserk rage.
A red film seems to cover your vision as you go berserk!
You feel yourself moving faster!
You feel mighty!
T - a potion of berserk rage You now have 2/49 hp.
You puncture the orc priest! Your squeeze misses the orc priest.
The orc priest threatens, "Beogh's wrath is as vast as their mercy.
Make your choice!" The orc priest barely misses you.
You miss the orc wizard.
You feel less confused.
Unknown command.
You puncture the orc wizard! You grab the orc wizard.
The orc priest shouts, "Beogh offers mercy even to people such as you.
Join us and be reborn!"
You squeeze the orc wizard.
You kill the orc wizard!
The orc completely misses you. Something hits you.
You die...

######.# #.# #.# #.# #.# #.#
#.# #.# #.# #.# #.# #.# #.#
#.# #.# #.# #.######### #
#.# #.##......##.# #
#.######..o@o..>... ...
######......####)####.#...##
...^........# #...........#
#########...# #..##..o..#..
......# #..## #....#....#
#.....###..#####.... #..#...
#.................... ##.o..
#.....###†.######...## ....
#.....# #...†......#. ...


You could see an orc priest and an orc.

Vanquished Creatures
  An orc wizard (D:2)
  2 adders (D:2)
  A ribbon worm (D:2)
  A dart slug (D:1)
  3 endoplasms (D:1)
  2 giant cockroaches (D:2)
  6 goblins
  3 hobgoblins
  A jackal (D:2)
  2 quokkas
  A ball python (D:1)
  2 bats (D:2)
  A frilled lizard (D:1)
  5 kobolds
  A rat (D:2)
32 creatures vanquished.

Notes
Turn   | Place    | Note
-------+----------+-------------------------------------------
     0 | D:1      | sokol815 the Octopode Fighter began the quest for the Orb.
     0 | D:1      | Reached XP level 1. HP: 16/16 MP: 1/1
   201 | D:1      | Reached XP level 2. HP: 21/21 MP: 2/2
   527 | D:1      | You fall into a shaft and drop 1 floor!
   533 | D:2      | Reached XP level 3. HP: 26/26 MP: 3/3
   564 | D:2      | Learned a level 1 spell: Sandblast
   595 | D:2      | Identified the +0 pair of boots of the Game Afoot {Str+2}
   854 | D:2      | Reached skill level 3 in Polearms
   915 | D:2      | Reached XP level 4. HP: 33/33 MP: 3/5
  1094 | D:2      | HP: 1/33 [orc priest/divine providence (13)]
  1098 | D:2      | Slain by an orc wizard

Illustrated notes

Levels and vault maps discovered:
D:1:      hellmonk_arrival_library, layout_loops_cross, feat_on_display
D:2:      layout_loops_ring, minmay_misc_feat_cross, minmay_misc_feat_tower,
          minmay_misc_feat_chi, minmay_small_reverse_x

Skill      XL: |  1  2  3 |
---------------+----------+-----
Polearms       | 3 |  3.0
Fighting       | |  3.7
Dodging        | |  3.0
Shields        | |  3.0
Spellcasting   | |  0.7
Earth Magic    | |  0.7

Action                     |  1- 3 |  4- 6 || total
---------------------------+-------+-------++-------
  Melee: Trident           |    59 |     3 ||    62
         Constrict         |    13 |     1 ||    14
         Tentacles         |     5 |     1 ||     6
  Throw: Stone             |     1 |       ||     1
    Use: Potion            |       |     2 ||     2
   Stab: Sleeping          |    12 |       ||    12
 Armour: Skin              |     7 |     1 ||     8
  Dodge: Dodged            |    15 |     2 ||    17
  Block: Buckler           |     9 |       ||     9

Table legend: (Time is in decaauts)
 A = Elapsed time spent in this place.
 B = Non-inter-level travel time spent in this place.
 C = Inter-level travel time spent in this place.
 D = Time resting spent in this place.
 E = Time spent auto-exploring this place.
 F = Levels seen in this place.
 G = Mean time per level.
                   A        B        C        D        E       F      G
               +--------+--------+--------+--------+--------+-----+--------+
         Total |   1109 |   1090 |     19 |      0 |    885 |   2 |  554.5 |
       Dungeon |   1109 |   1090 |     19 |      0 |    885 |   2 |  554.5 |
               +--------+--------+--------+--------+--------+-----+--------+

Top non-repeatable levels by time:
     D:2: 574 daAuts
     D:1: 535 daAuts

Levels and vault maps discovered:
D:1:      hellmonk_arrival_library, layout_loops_cross, feat_on_display
D:2:      layout_loops_ring, minmay_misc_feat_cross, minmay_misc_feat_tower,
          minmay_misc_feat_chi, minmay_small_reverse_x

Table legend: (Time is in decaauts)
 A = Elapsed time spent in this place.
 B = Non-inter-level travel time spent in this place.
 C = Inter-level travel time spent in this place.
 D = Time resting spent in this place.
 E = Time spent auto-exploring this place.
 F = Levels seen in this place.
 G = Mean time per level.
                   A        B        C        D        E       F      G
               +--------+--------+--------+--------+--------+-----+--------+
         Total |   1109 |   1090 |     19 |      0 |    885 |   2 |  554.5 |
       Dungeon |   1109 |   1090 |     19 |      0 |    885 |   2 |  554.5 |
               +--------+--------+--------+--------+--------+-----+--------+

Top non-repeatable levels by time:
     D:2: 574 daAuts
     D:1: 535 daAuts

Table legend:
 A = Kills in this place as a percentage of kills in the entire game.
 B = Kills by you in this place as a percentage of kills by you in the entire game.
 C = Kills by friends in this place as a percentage of kills by friends in the entire game.
 D = Other kills in this place as a percentage of other kills in the entire game.
 E = Experience gained in this place as a percentage of experience gained in the entire game.
 F = Experience gained in this place divided by the number of levels of this place that you have seen.
                   A       B       C       D       E      F
               +-------+-------+-------+-------+-------+----------------------
         Total | 100.0 | 100.0 |   N/A |   N/A | 100.0 |  59.0
       Dungeon | 100.0 | 100.0 |   N/A |   N/A | 100.0 |  59.0
               +-------+-------+-------+-------+-------+----------------------
